 Dungeon Crawl Stone Soup version 0.17-a0-1485-g22cb0ee (webtiles) character file.

95032 disabled the Peltast (level 16, -2/103 HPs)
             Began as a Gargoyle Fighter on July 5, 2015.
             Was the Champion of the Shining One.
             Slain by a lindwurm (9 damage)
             ... summoned by Kirke
             ... on level 15 of the Dungeon.
             The game lasted 02:42:56 (29775 turns).

disabled the Peltast (Gargoyle Fighter)            Turns: 29775, Time: 02:42:58

Health: -2/103     AC:  0    Str: 23    XL:     16   Next: 13%
Magic:  16/16      EV: 13    Int: 14    God:    the Shining One [******]
Gold:   1923       SH:  0    Dex: 13    Spells: 0 memorised, 15 levels left

rFire  . . .     SeeInvis .     (weapon currently unavailable)
rCold  . . .     Clarity  .     (armour currently unavailable)
rNeg   + + +     SustAt   .     (shield currently unavailable)
rPois  ∞         Gourm    .     (helmet currently unavailable)
rElec  .         Spirit   .     (cloak currently unavailable)
rCorr  .         Warding  .     (gloves currently unavailable)
rMut   .         Stasis   .     (boots currently unavailable)
MR     +....                    V - amulet of regeneration
Stlth  +.........               (ring currently unavailable)
                                (ring currently unavailable)

@: brilliant, pig-form, glowing, very quick, somewhat resistant to hostile
enchantments, very unstealthy
A: (big wings), negative energy resistance 1, (electricity resistance),
(unbreathing), petrification resistance, rot immunity, AC +11
a: Divine Shield, Cleansing Flame, Summon Divine Warrior, Renounce Religion


You were on level 15 of the Dungeon.
You worshipped the Shining One.
The Shining One was exalted by your worship.
You were not hungry.
You were a filthy swine.
You visited 4 branches of the dungeon, and saw 27 of its levels.
You also visited: Labyrinth, Sewer, Ice Cave and Volcano.

You collected 2053 gold pieces.
You spent 130 gold pieces at shops.

Inventory:

Hand weapons
 v - a +0 flail of crushing (melded)
 w - a +1 flail of holy wrath
Armour
 k - the +0 chain mail of Amelioration {+Fly rPois rCorr}
   (You found it on level 12 of the Dungeon)

   It protects you from poison.
   It lets you fly.
   It protects you from acid and corrosion.
 q - a +2 large shield (melded)
 K - a +0 pair of gloves (melded)
 O - a +1 cloak of cold resistance (melded)
 T - a +2 storm dragon armour (melded)
 W - a +2 pair of boots of flying (melded)
 X - a +2 helmet of cold resistance (melded)
Jewellery
 d - a ring of protection from cold (melded)
 z - the ring of False Pretenses (melded) {rElec Dex+3 SInv Stlth+}
   (You found it on level 14 of the Dungeon)

   [ring of see invisible]

   It affects your dexterity (+3).
   It insulates you from electricity.
   It lets you see invisible.
   It makes you more stealthy.
 G - an uncursed amulet of guardian spirit
 P - an uncursed amulet of resist mutation
 V - an amulet of regeneration (around neck)
Magical devices
 h - a wand of hasting (9)
 j - a wand of teleportation (1)
 N - a wand of digging (0)
 Y - a wand of frost (23)
Scrolls
 b - 2 scrolls of enchant weapon
 p - 2 scrolls of fog
 t - 3 scrolls of blinking
 x - 8 scrolls of teleportation
 y - a scroll of recharging
 B - 5 scrolls of remove curse
 C - a scroll of magic mapping
 I - a scroll of identify
 S - 2 scrolls of amnesia
Potions
 g - 5 potions of berserk rage
 i - a potion of magic
 n - 2 potions of cancellation
 o - 9 potions of curing
 u - a potion of might
 D - 3 potions of resistance
 F - 2 potions of cure mutation
 H - 3 potions of haste
 R - 5 potions of heal wounds
Books
 a - a book of Annihilations

   Spells                             Type                      Level
   a - Poison Arrow                   Conjuration/Poison           6
   b - Chain Lightning                Conjuration/Air              8
   c - Lehudib's Crystal Spear        Conjuration/Earth            8
   d - Glaciate                       Conjuration/Ice              9
   e - Fire Storm                     Conjuration/Fire             9
 m - a book of Ice

   Spells                             Type                      Level
   a - Ice Form                       Ice/Transmutation            4
   b - Metabolic Englaciation         Hexes/Ice                    5
   c - Ozocubu's Refrigeration        Ice                          6
   d - Bolt of Cold                   Conjuration/Ice              6
   e - Freezing Cloud                 Conjuration/Ice/Air          6
   f - Simulacrum                     Ice/Necromancy               6
 A - a book of Envenomations

   Spells                             Type                      Level
   a - Spider Form                    Transmutation/Poison         3
   b - Alistair's Intoxication        Transmutation/Poison         4
   c - Olgreb's Toxic Radiance        Poison                       4
   d - Poisonous Cloud                Conjuration/Poison/Air       6
   The Shining One disapproves of the use of such an item.
 E - a book of Battle

   Spells                             Type                      Level
   a - Infusion                       Charms                       1
   b - Shroud of Golubria             Charms/Translocation         2
   c - Song of Slaying                Charms                       2
   d - Spectral Weapon                Hexes/Charms                 3
   e - Regeneration                   Charms/Necromancy            3
 J - a book of Unlife

   Spells                             Type                      Level
   a - Recall                         Summoning/Translocation      3
   b - Animate Dead                   Necromancy                   4
   c - Control Undead                 Necromancy                   4
   d - Cigotuvi's Embrace             Necromancy                   5
   e - Death Channel                  Necromancy                   6
   f - Simulacrum                     Ice/Necromancy               6
   The Shining One disapproves of the use of such an item.
 L - a book of Cantrips

   Spells                             Type                      Level
   a - Corona                         Hexes                        1
   b - Animate Skeleton               Necromancy                   1
   c - Summon Small Mammal            Summoning                    1
   d - Apportation                    Translocation                1
 M - a book of Alchemy

   Spells                             Type                      Level
   a - Sublimation of Blood           Necromancy                   2
   b - Ignite Poison                  Fire/Transmutation/Poison    3
   c - Alistair's Intoxication        Transmutation/Poison         4
   d - Condensation Shield            Ice                          4
   e - Petrify                        Transmutation/Earth          4
   f - Irradiate                      Conjuration/Transmutation    5
 Q - Sif Muna's Catalogue of Igneous Conjuration
   (You found it on level 1 of the Lair of Beasts)

   Spells                             Type                      Level
   a - Shock                          Conjuration/Air              1
   b - Flame Tongue                   Conjuration/Fire             1
   c - Static Discharge               Conjuration/Air              3
   d - Ignite Poison                  Fire/Transmutation/Poison    3
   e - Fireball                       Conjuration/Fire             5
   f - Delayed Fireball               Conjuration/Fire             7
 U - a book of Frost

   Spells                             Type                      Level
   a - Freeze                         Ice                          1
   b - Throw Frost                    Conjuration/Ice              2
   c - Ozocubu's Armour               Charms/Ice                   3
   d - Throw Icicle                   Conjuration/Ice              4
   e - Summon Ice Beast               Ice/Summoning                4
   f - Condensation Shield            Ice                          4
Comestibles
 c - 5 royal jellies
 e - 18 bread rations
 f - 14 fruits
 l - 3 chunks of flesh
 s - 11 meat rations
 Z - a slice of pizza


   Skills:
 + Level 12.6 Fighting
 + Level 14.4 Maces & Flails
 + Level 11.6 Armour
 + Level 19.6 Shields


You had 15 spell levels left.
You didn't know any spells.

Dungeon Overview and Level Annotations

Branches:
Dungeon (15/15)            Temple (1/1) D:7            Lair (8/8) D:11
 Shoals (0/4) Lair:5       Spider (0/4) Lair:3        Slime (0/6) Lair:6
    Orc (3/4) D:12         Vaults (0/5) D:14
    Elf: Orc:3-4     Depths: D:15

Altars:
Ashenzari
Cheibriados
Dithmenos
Elyvilon
Fedhas
Gozag
Kikubaaqudgha
Makhleb
Nemelex Xobeh
Okawaru
Qazlal
Ru
Sif Muna
Trog
Vehumet
Xom
Yredelemnul
Zin
The Shining One
Jiyva

Shops:
D:10 }   Orc:3 (=!=

Annotations:
D:14 2 runed doors, exclusion: orange crystal statue
D:15 Kirke


Innate Abilities, Weirdness & Mutations

You are resistant to torment.
((Your stone body is resilient (AC +11).))
You are immune to poison.
((Your large and strong wings let you fly indefinitely.))
You resist negative energy.
((You are resistant to electric shocks.))
((You can survive without breathing.))
You are immune to petrification.
You are immune to rotting.


Message History

* * * LOW HITPOINT WARNING * * *
The harpy claws you!
* * * LOW HITPOINT WARNING * * *
The harpy barely misses you.
Drink which item? (? for menu, Esc to quit)
You feel clever all of a sudden. The harpy claws you.
* * * LOW HITPOINT WARNING * * *
The harpy claws you.
* * * LOW HITPOINT WARNING * * *
The lindwurm barely misses you. The lindwurm closely misses you.
The lindwurm misses you.
Drink which item? (? for menu, Esc to quit)
You feel more clever all of a sudden.
The harpy screeches!
The harpy barely misses you. The harpy misses you. Kirke barely misses you.
The lindwurm bites you! The Shining One protects you from harm!
The lindwurm claws you!
You die...

..........# *,,,,*
.#####....# *,,,,*
...#......#### ******
.............#
...#.#..+....#
#.#.....#....########
........###+#.......#
............#...H...#
..#.........+...hk..#
....+########....@h.#
###..#############'##
..#..........,,,,hH#
..+..........,,,..h#
..#..........,,....#
#############*######


You could see Kirke (invisible), a lindwurm, 2 harpies and a hog.

Vanquished Creatures
  Gastronok (Lair:3)
  Maud (D:11)
  An orc warlord (Orc:3)
  Nessos (D:12)
  6 dire elephants (Lair:8)
  Snorg (Orc:2)
  A minotaur (Lab)
  Josephine (D:10)
  5 hydras
  Fannar (D:11)
  A centaur warrior (D:15)
  2 catoblepae
  2 dancing weapons (D:14)
  4 death yaks (Lair:6)
  An anaconda (Lair:8)
  An ogre mage (Volcano)
  An orc high priest (Orc:3)
  Urug (D:11)
  5 skeletal warriors (D:13)
  An ice statue (IceCv)
  The ghost of abixa the Grappler, an experienced TrMo (D:5)
  3 unseen horrors
  2 griffons
  2 necromancers
  4 hill giants
  2 orc sorcerers (Orc:3)
  3 ugly things
  A cyclops (D:15)
  7 slime creatures
  2 manticores (D:11)
  3 sirens (Lair:5)
  9 elephants
  8 black mambas
  3 centaur zombies
  A torpor snail (Lair:6)
  6 spiny frogs
  5 gargoyles
  3 kobold demonologists
  7 komodo dragons
  5 fire drakes
  A merfolk (Lair:5)
  A polar bear (Lair:6)
  10 freezing wraiths (IceCv)
  5 two-headed ogres
  2 wolf spider simulacra (IceCv)
  2 trolls
  23 blink frogs
  2 spriggans (Lair:6)
  A shadow (D:13)
  2 trapdoor spiders
  2 deep elf magi
  Sigmund (D:3)
  4 wraiths (D:10)
  56 yaks
  3 wyverns
  A human (D:7)
  A death yak simulacrum (IceCv)
  2 hungry ghosts
  7 hippogriffs
  3 vampire mosquitoes (D:15)
  Edmund (D:4)
  9 basilisks
  13 water moccasins
  A sky beast (D:14)
  5 wargs
  8 porcupines
  26 wolves
  9 spiders (Lair:3)
  11 ice beasts
  2 necrophages (D:10)
  16 orc warriors
  2 phantoms
  13 centaurs
  3 black bears
  An eye of draining (shapeshifter) (D:13)
  13 ogres
  20 giant frogs
  11 crocodiles
  5 big kobolds
  4 earth elementals (D:14)
  A wyvern zombie (D:12)
  A gnoll sergeant (D:8)
  2 scorpions
  A water moccasin zombie (D:10)
  12 killer bees
  4 electric eels (Lair:6)
  2 wights (D:10)
  4 crimson imps
  23 orc wizards
  4 giant frog zombies
  5 draconian simulacra (IceCv)
  5 jellies
  3 centaur skeletons
  14 orc priests
  Ijyb (D:3)
  3 hounds
  9 worker ants
  12 iguanas
  A spriggan simulacrum (IceCv)
  A wolf simulacrum (IceCv)
  A troll simulacrum (IceCv)
  19 sheep
  4 centaur simulacra (IceCv)
  A crocodile zombie (Lair:6)
  A hound skeleton (D:9)
  5 gnolls (D:8)
  Robin (D:4)
  12 adders
  2 ogre simulacra (IceCv)
  73 river rats
  7 naga simulacra (IceCv)
  2 shadow imps
  12 white imps (IceCv)
  2 oozes
  6 worms
  124 orcs
  19 bats
  A bat skeleton (D:5)
  8 giant cockroaches
  24 hobgoblins
  7 jackals
  5 quokkas
  A ball python (D:1)
  11 giant geckos
  A giant gecko skeleton (D:4)
  4 giant newts
  32 goblins
  A jackal skeleton (D:6)
  A jackal zombie (D:5)
  32 kobolds
  21 rats
  2 fungi (Lair:8)
  4 plants
971 creatures vanquished.

Vanquished Creatures (others)
  A jelly (D:5)
  An adder (D:7)
  A giant gecko (D:7)
  An orc (Orc:3)
  A bat skeleton (D:7)
  A fire vortex (Lair:6)
  45 fungi
  17 plants
68 creatures vanquished.

Grand Total: 1039 creatures vanquished

Notes
Turn   | Place    | Note
--------------------------------------------------------------
     0 | D:1      | disabled the Gargoyle Fighter began the quest for the Orb.
     0 | D:1      | Reached XP level 1. HP: 14/14 MP: 1/1
    40 | D:1      | Reached XP level 2. HP: 17/19 MP: 2/2
   453 | D:1      | Reached XP level 3. HP: 23/23 MP: 3/3
   635 | D:2      | Reached skill level 4 in Armour
  1089 | D:2      | Reached XP level 4. HP: 26/29 MP: 4/4
  1298 | D:3      | Reached XP level 5. HP: 20/33 MP: 5/5
  1407 | D:3      | Noticed Ijyb
  1420 | D:3      | Killed Ijyb
  1563 | D:3      | Found a glowing drain.
  1567 | Sewer    | Entered a sewer
  1635 | Sewer    | Reached XP level 6. HP: 33/38 MP: 6/6
  1739 | Sewer    | Reached skill level 5 in Shields
  2087 | D:3      | Noticed Sigmund
  2109 | D:3      | Killed Sigmund
  2109 | D:3      | Reached skill level 5 in Armour
  2109 | D:3      | Reached skill level 6 in Shields
  2109 | D:3      | Reached XP level 7. HP: 28/44 MP: 7/7
  2426 | D:3      | Found a deep blue altar of Sif Muna.
  2429 | D:3      | Found a snail-covered altar of Cheibriados.
  2431 | D:3      | Found a blossoming altar of Fedhas.
  2633 | D:3      | Found a sacrificial altar of Ru.
  2847 | D:4      | Noticed Edmund
  2889 | D:4      | Killed Edmund
  3043 | D:4      | Noticed Robin
  3070 | D:4      | Killed Robin
  3506 | D:4      | Found a stormy altar of Qazlal.
  3594 | D:4      | Reached skill level 7 in Shields
  3604 | D:5      | Entered Level 5 of the Dungeon
  3619 | D:5      | Reached XP level 8. HP: 44/48 MP: 8/8
  3684 | D:5      | Reached skill level 5 in Fighting
  4129 | D:5      | Noticed abixa's ghost (experienced TrMo)
  4143 | D:5      | Killed abixa's ghost
  4143 | D:5      | Reached skill level 5 in Maces & Flails
  4143 | D:5      | Reached skill level 8 in Shields
  4272 | D:5      | Reached XP level 9. HP: 39/54 MP: 9/9
  4361 | D:5      | Found a glowing golden altar of the Shining One.
  4363 | D:5      | Noticed an angel
  4368 | D:5      | Became a worshipper of the Shining One
  4400 | D:5      | Found a basalt altar of Yredelemnul.
  4403 | D:5      | Noticed a profane servitor
  4848 | D:5      | Reached skill level 9 in Shields
  5997 | D:7      | Reached skill level 10 in Shields
  6110 | D:7      | Found a staircase to the Ecumenical Temple.
  6141 | Temple   | Entered the Ecumenical Temple
  7343 | D:8      | Found an opulent altar of Gozag.
  7344 | D:8      | Found a glowing silver altar of Zin.
  7542 | D:8      | Reached XP level 10. HP: 42/60 MP: 10/10
  7590 | D:8      | Reached skill level 11 in Shields
  8306 | D:9      | Found a shimmering altar of Xom.
  8312 | D:9      | Noticed a griffon
  8338 | D:9      | Killed a griffon
  8475 | D:9      | Acquired the Shining One's first power
  8691 | D:9      | Reached skill level 12 in Shields
  8913 | D:9      | Found a stormy altar of Qazlal.
  9125 | D:10     | Entered Level 10 of the Dungeon
  9125 | D:10     | Noticed an unseen horror
  9141 | D:10     | Killed an unseen horror
  9297 | D:10     | Reached XP level 11. HP: 62/67 MP: 11/11
  9419 | D:10     | Acquired the Shining One's second power
  9429 | D:10     | Noticed Josephine
  9443 | D:10     | Killed Josephine
  9443 | D:10     | Reached skill level 13 in Shields
  9629 | D:10     | Found Bixabosiku's Gadget Shop.
 10375 | D:11     | Noticed Fannar
 10410 | D:11     | Killed Fannar
 10597 | D:11     | Found a shadowy altar of Dithmenos.
 11002 | D:11     | Noticed Maud
 11018 | D:11     | Killed Maud
 11365 | D:11     | Found a staircase to the Lair.
 11502 | D:11     | Reached skill level 14 in Shields
 11583 | D:11     | Noticed a hill giant
 11584 | D:11     | Noticed Urug
 11614 | D:11     | Killed a hill giant
 11614 | D:11     | Reached XP level 12. HP: 67/75 MP: 12/12
 11642 | D:11     | Killed Urug
 12042 | Lair:1   | Entered Level 1 of the Lair of Beasts
 12116 | Lair:1   | Noticed a six-headed hydra
 12138 | Lair:1   | Killed a six-headed hydra
 12524 | Lair:1   | Identified Sif Muna's Catalogue of Igneous Conjuration
 12976 | Lair:1   | Reached skill level 10 in Maces & Flails
 13081 | Lair:1   | Reached skill level 15 in Shields
 14003 | Lair:2   | Noticed a five-headed hydra
 14044 | Lair:2   | Killed a five-headed hydra
 14683 | Lair:3   | Reached skill level 10 in Armour
 14683 | Lair:3   | Reached XP level 13. HP: 80/80 MP: 13/13
 14695 | Lair:3   | Noticed Gastronok
 14758 | Lair:3   | Killed Gastronok
 15276 | Lair:3   | Identified a scroll of acquirement
 15277 | Lair:3   | Got a brightly glowing cloak
 15283 | Lair:3   | Identified the +1 cloak of the Cooper {+Blink} (You acquired it on level 3 of the Lair of Beasts)
 15330 | Lair:3   | Found a hole to the Spider Nest.
 15353 | Lair:3   | Reached skill level 10 in Fighting
 15595 | Lair:3   | Reached skill level 16 in Shields
 16929 | Lair:4   | Acquired the Shining One's third power
 17275 | Lair:5   | Found a labyrinth entrance.
 17283 | Lab      | Entered a labyrinth
 17681 | Lab      | Noticed a minotaur
 17696 | Lab      | Killed a minotaur
 18005 | Lair:5   | Found a staircase to the Shoals.
 18678 | Lair:6   | Found a staircase to the Slime Pits.
 18678 | Lair:6   | Found a viscous altar of Jiyva.
 18708 | Lair:6   | Gained mutation: Your large and strong wings let you fly indefinitely. [Gargoyle growth]
 18708 | Lair:6   | Reached XP level 14. HP: 63/88 MP: 14/14
 19044 | Lair:6   | Reached skill level 17 in Shields
 21692 | Lair:8   | Entered Level 8 of the Lair of Beasts
 22486 | Lair:8   | Reached skill level 18 in Shields
 22953 | Lair:8   | Reached XP level 15. HP: 28/95 MP: 15/15
 23741 | D:12     | Got a polished chain mail
 23761 | D:12     | Identified the cursed +0 chain mail of Amelioration {+Fly rPois rCorr} (You found it on level 12 of the Dungeon)
 23819 | D:12     | Noticed Nessos
 23865 | D:12     | Killed Nessos
 23890 | D:12     | Acquired the Shining One's fourth power
 23975 | D:12     | Found a staircase to the Orcish Mines.
 24663 | Orc:1    | Entered Level 1 of the Orcish Mines
 24734 | Orc:1    | Found a dark tunnel.
 24739 | Volcano  | Entered a volcano
 24773 | Volcano  | Found a bloodstained altar of Trog.
 25867 | Orc:3    | Found Xusex's Jewellery Shoppe.
 25882 | Orc:3    | Found Xuem's Jewellery Emporium.
 25882 | Orc:3    | Found Cuekemm's Antique Weapon Shop.
 26101 | Orc:3    | Found Yjoehom's Distillery.
 26112 | Orc:3    | Noticed Snorg
 26125 | Orc:3    | Paralysed by an orc sorcerer for 5 turns
 26244 | Orc:2    | Killed Snorg
 26304 | Orc:3    | Bought a potion of heal wounds for 65 gold pieces
 26304 | Orc:3    | Bought a potion of heal wounds for 65 gold pieces
 27051 | D:13     | Reached skill level 19 in Shields
 27715 | D:14     | Found a runed door.
 27750 | D:14     | Found a runed door.
 27798 | D:14     | Found a runed door.
 27810 | D:14     | Found a runed door.
 28000 | D:14     | Found a gate to the Vaults.
 28356 | D:14     | Got a slimy tin ring
 28462 | D:14     | Identified the ring of False Pretenses {rElec Dex+3 SInv Stlth+} (You found it on level 14 of the Dungeon)
 28503 | D:15     | Entered Level 15 of the Dungeon
 28627 | D:15     | Found a frozen archway.
 28631 | IceCv    | Entered an ice cave
 28717 | IceCv    | Reached XP level 16. HP: 103/103 MP: 16/16
 29063 | IceCv    | Found an ancient bone altar of Kikubaaqudgha.
 29495 | D:15     | Found a glowing golden altar of the Shining One.
 29754 | D:15     | Noticed Kirke
 29775 | D:15     | The Shining One protects you from harm!
 29775 | D:15     | Slain by a lindwurm

Vault maps used:
D:1:      tarquinn_simple_flora_water_f
D:3:      nicolae_overflow_crystal_walls, minitemple, gup_sewer_entry_bowl,
          minmay_curled_crystal, uniq_sigmund, uniq_iyjb
D:4:      lemuel_coloured_pillars_altar, first_bread, uniq_edmund, uniq_robin
D:5:      grunt_temple_overflow_holy_war
D:7:      lemuel_temple_firewalk_marked, grunt_livestock
D:8:      grunt_temple_overflow_gold_and_silver, st_stairs_7, roderic_lattice_a
D:9:      hangedman_feature_mirror
D:10:     serial_undead, serial_undead_b, serial_undead_e, serial_undead_a,
          serial_undead_f, serial_shops, shop, uniq_josephine
D:11:     david_lair_shrubbed, grunt_dithmenos_smoke, uniq_fannar, uniq_maud,
          uniq_urug
D:12:     david_orc_3, uniq_nessos
D:14:     minmay_stone_box, erik_vaults_1, serial_park_avenue1,
          minmay_statue_crystal_thing
D:15:     grunt_enter_depths_hoard, portal_ice_cave_entry_pillars_01,
          nicolae_tso_swordbearing_angel, hangedman_decor_lopped, uniq_kirke,
          uniq_louise
Temple:   roderic_octagonal_lattice_temple
Lair:2:   lemuel_fruit_fields
Lair:3:   nicolae_spider_entry_tight_spaces, uniq_gastronok
Lair:4:   beast_lair_carwin_5, grunt_megastairs_5
Lair:5:   elwin_shoals_entry_stream, lab_entry_generic
Lair:6:   pond_and_an_island_with_a_cottage, slime_altar_1, forest_entry_grove
Lair:7:   lemuel_fruit_fields
Lair:8:   due_jungle_book
Orc:1:    enter_volcano_4
Orc:2:    nicolae_orc_stony_grotto
Orc:3:    serial_shops, shop, nicolae_shop_trees, shop, nicolae_shop_trees,
          shop, nicolae_orc_pool_cavern, guppyfry_orc_lava_fort, uniq_harold,
          uniq_sonja, uniq_snorg
Lab:      nicolae_lab_big_swirl, nicolae_lab_arrow
Sewer:    sewer_kobold_necro_badplayer
IceCv:    ice_cave_small_necro
Volcano:  kennysheep_volcano_temple

Action                   |  1- 3 |  4- 6 |  7- 9 | 10-12 | 13-15 | 16-18 || total
-------------------------+-------+-------+-------+-------+-------+-------++-------
Melee: Flail             |   114 |   201 |   760 |  1192 |  2905 |   234 ||  5406
Invok: Divine Shield     |       |       |       |     1 |       |       ||     1
Evoke: Wand              |       |       |       |       |     1 |       ||     1
  Use: Scroll            |     6 |       |    12 |     7 |    19 |       ||    44
       Potion            |       |       |     3 |     3 |     9 |     2 ||    17
  Eat: Chunk             |       |     3 |    18 |    13 |    31 |     3 ||    68
       Pizza             |       |       |     2 |     5 |     3 |       ||    10
       Bread ration      |       |       |       |     1 |       |       ||     1
       Beef jerky        |       |       |       |       |     6 |       ||     6
       Fruit             |       |       |       |       |     4 |     2 ||     6
       Meat ration       |       |       |       |       |     1 |       ||     1
